 Dungeon Crawl Stone Soup version 0.20-a0-77-g476458c (webtiles) character file.

408 KristoblXynda the Charmwright (level 6, -1/48 HPs)
             Began as a Draconian Skald on Nov 19, 2016.
             Was an Initiate of Ashenzari.
             Slain by an ogre
             ... wielding a +0 giant spiked club
              (16 damage)
             ... on level 4 of the Dungeon.
             The game lasted 00:07:55 (5210 turns).

KristoblXynda the Charmwright (Draconian Skald)     Turns: 5210, Time: 00:07:57

Health: -1/48      AC:  8    Str: 16    XL:     6   Next: 57%
Magic:  3/3        EV: 13    Int: 15    God:    Ashenzari [......]
Gold:   200        SH:  0    Dex: 10    Spells: 1 memorised, 8 levels left

rFire  + . .     SeeInvis +     o - +2 hand axe (antimagic)
rCold  . . .     Gourm    .     (armour unavailable)
rNeg   . . .     Faith    .     (no shield)
rPois  .         Spirit   .     (helmet restricted)
rElec  .         Reflect  .     (no cloak)
rCorr  .         Harm     .     p - +1 pair of gloves
MR     .....                    (no boots)
Stlth  +.........               (no amulet)
                                g - ring of wizardry
                                f - ring of see invisible

@: no status effects
A: unfitting armour, blurry vision 1, fire resistance 1, strong 1, cold-blooded,
AC +6
a: Curse Item, Renounce Religion


You were on level 4 of the Dungeon.
You worshipped Ashenzari.
Ashenzari was noncommittal.
You were not hungry.

You visited 2 branches of the dungeon, and saw 5 of its levels.

You collected 200 gold pieces.

Inventory:

Hand Weapons
 i - a +0 falchion of flaming
 o - a +2 antimagic hand axe (weapon)
Missiles
 j - 2 throwing nets (quivered)
Armour
 p - a +1 pair of gloves (worn)
Jewellery
 f - a ring of see invisible (left hand)
 g - a ring of wizardry (right hand)
Scrolls
 d - 2 scrolls of identify
 h - a scroll of recharging
Potions
 a - a potion of flight
 e - a potion of magic
 l - a potion of invisibility
Books
 b - a book of Battle

   Spells                             Type                      Level
   a - Infusion                       Charms                       1
   b - Shroud of Golubria             Charms/Translocation         2
   c - Song of Slaying                Charms                       2
   d - Spectral Weapon                Hexes/Charms                 3
   e - Regeneration                   Charms/Necromancy            3
Comestibles
 c - 2 bread rations
 k - a beef jerky


   Skills:
 - Level 2.1 Fighting
 + Level 4.2 Axes
 + Level 3.9 Dodging
 - Level 2.0 Spellcasting
 + Level 4.3 Charms


You had 8 spell levels left.
You knew the following spells:

 Your Spells              Type           Power        Failure   Level  Hunger
a - Infusion              Chrm           ##..         1%          1    #......


Dungeon Overview and Level Annotations

Branches:
Dungeon (4/15)             Temple (1/1) D:4

Altars:
Ashenzari
Cheibriados
Dithmenos
Elyvilon
Fedhas
Gozag
Hepliaklqana
Makhleb
Nemelex Xobeh
Okawaru
Qazlal
Ru
Sif Muna
Vehumet
Xom
Yredelemnul
Zin
The Shining One


Innate Abilities, Weirdness & Mutations

Your plain brown scales are hard. (AC +6)
You cannot fit into any form of body armour.
You are cold-blooded and may be slowed by cold attacks.
Scrolls take you a little longer to read.
Your flesh is heat resistant. (rF+)
Your muscles are strong. (Str +2)


Message History

Unknown command.
You hit the ogre.
The ogre is lightly wounded.
The ogre hits you with a giant spiked club.
You hit the ogre.
The ogre is moderately wounded.
The ogre barely misses you.
You hit the ogre.
Your tail-slap misses the ogre.
The ogre is moderately wounded.
You hit the ogre.
The ogre is heavily wounded.
The ogre barely misses you.
You slash the ogre!
The ogre is severely wounded.
The ogre hits you with a giant spiked club!!
Ouch! That really hurt!
You barely miss the ogre.
The ogre is severely wounded.
The ogre hits you with a giant spiked club!
You die...

#........#..............
#........#..............
#........#..............
##'####'###'###...######
#....##.##..###...####..
#....#..................
#....#..................
#....#..................
#....##@....##....##....
###'###O....##....##....
#....##.....##....#####'
#.................#.....
#..>..............#....>
#.................#.....
#....##....###....###...
#....##....###....###(..
#..........#...........[


You could see an ogre.

Vanquished Creatures
  A necrophage (D:4)
  An iguana (D:4)
  Jessica (D:2)
  A worker ant (D:4)
  Robin (D:4)
  A howler monkey skeleton (D:4)
  2 gnolls (D:4)
  10 adders
  3 oozes
  A dart slug (D:1)
  3 leopard geckos
  6 orcs
  4 giant cockroaches
  14 goblins
  9 hobgoblins
  10 jackals
  A quokka (D:2)
  2 ball pythons
  11 bats
  A frilled lizard (D:1)
  8 kobolds
  2 rats
93 creatures vanquished.

Notes
Turn   | Place    | Note
-------+----------+-------------------------------------------
     0 | D:1      | KristoblXynda the Draconian Skald began the quest for the Orb.
     0 | D:1      | Reached XP level 1. HP: 17/17 MP: 3/3
   211 | D:1      | Reached XP level 2. HP: 13/24 MP: 5/5
  1195 | D:1      | Reached XP level 3. HP: 23/29 MP: 6/6
  1855 | D:2      | Reached XP level 4. HP: 17/36 MP: 2/7
  1917 | D:2      | Noticed Jessica
  1924 | D:2      | Killed Jessica
  2396 | D:2      | Found a shattered altar of Ashenzari.
  2619 | D:2      | Became a worshipper of Ashenzari the Shackled
  2697 | D:3      | Found a faded altar of an unknown god.
  3163 | D:3      | Reached XP level 5. HP: 27/41 MP: 2/8
  3721 | D:3      | Found a snail-covered altar of Cheibriados.
  4053 | D:4      | Gained mutation: Scrolls take you a little longer to read. [potion of mutation]
  4053 | D:4      | Gained mutation: Your muscles are strong. (Str +2) [potion of mutation]
  4053 | D:4      | Gained mutation: Your flesh is heat resistant. (rF+) [potion of mutation]
  4074 | D:4      | HP: 2/41 [poisoned by a worker ant]
  4382 | D:4      | Found a staircase to the Ecumenical Temple.
  4390 | Temple   | Entered the Ecumenical Temple
  4596 | D:4      | Noticed Robin
  4600 | D:4      | Reached XP level 6. HP: 38/48 MP: 3/9
  4607 | D:4      | Killed Robin
  4892 | D:4      | Found a sacrificial altar of Ru.
  5210 | D:4      | Slain by an ogre

Vault maps used:
D:1:      scummos_arrival_forest
D:2:      nicolae_ashenzari_panopticon, uniq_jessica
D:3:      lemuel_coloured_pillars_altar, first_bread,
          chequers_ecumenical_altar_simple, minivault_27
D:4:      kennysheep_mini_moat, minmay_splitting_lines, uniq_robin
Temple:   eino_temple_scatter_basement

Skill      XL: |  1  2  3  4  5  6 |
---------------+-------------------+-----
Dodging        | 2 3 |  3.9
Charms         | 3 4 |  4.3
Axes           | 3 4 |  4.2
Fighting       | |  2.1
Spellcasting   | |  2.0

Action                   |  1- 3 |  4- 6 || total
-------------------------+-------+-------++-------
Melee: Hand axe          |   117 |   211 ||   328
       Tailslap          |    10 |    17 ||    27
  Use: Scroll            |     7 |     7 ||    14
       Potion            |       |     4 ||     4
 Stab: Sleeping          |       |     1 ||     1
  Eat: Chunk             |     1 |     5 ||     6
       Beef jerky        |     1 |     1 ||     2
       Royal jelly       |       |     1 ||     1
       Bread ration      |       |     1 ||     1
Armor: Skin              |    44 |    83 ||   127
Dodge: Dodged            |   109 |   179 ||   288
